 Dungeon Sprint DCSS version 0.17-a0-1311-gbcbd859 (webtiles) character file.

165 Kidiri the Covert (level 5, -1/39 (42) HPs)
             Began as a Spriggan Enchanter on June 8, 2015.
             Slain by a necrophage (5 damage)
             ... in the Dungeon (Sprint II: "The Violet Keep of Menkaure").
             The game lasted 00:00:43 (28 turns).

Kidiri the Covert (Spriggan Enchanter)                Turns: 28, Time: 00:00:43

HP:   -1/39 (42)    AC:  3    Str:  9    XL:     5   Next: 21%
MP:   7/14          EV: 23    Int: 16    God:
Gold: 0             SH:  0    Dex: 18    Spells: 1 memorised, 14 levels left

rFire  . . .     SeeInvis +     a - +1 dagger
rCold  . . .     Clarity  .     b - +1 robe
rNeg   . . .     SustAt   .     (shield restricted)
rPois  .         Gourm    .     (helmet restricted)
rElec  .         Spirit   .     (no cloak)
rCorr  .         Warding  .     (gloves unavailable)
rMut   .         NoTele   +     (boots unavailable)
MR     .....                    (no amulet)
Stlth  ..........               (no ring)
                                (no ring)

@: berserking, very slightly contaminated, hasted, very quick, not resistant to
hostile enchantments, extremely unstealthy
A: unfitting armour, see invisible, herbivore 3, speed 3, slow metabolism 2
a: no special abilities


You were in the Dungeon.
You were not hungry.

You visited 1 branch

Inventory:

Hand weapons
 a - a +1 dagger (weapon)
Armour
 b - a +1 robe (worn)
Scrolls
 j - a scroll of blinking
Potions
 e - a potion of curing
 f - a potion of heal wounds
 h - 2 potions of magic
Books
 c - a book of Maledictions

   Spells                             Type                      Level
   a - Corona                         Hexes                        1
   b - Ensorcelled Hibernation        Hexes/Ice                    2
   c - Confuse                        Hexes                        3
   d - Tukima's Dance                 Hexes                        3
   e - Dazzling Spray                 Conjuration/Hexes            3
Comestibles
 d - a bread ration


   Skills:
 * Level 3.5 Fighting
 * Level 5.0 Short Blades
 * Level 7.1 Dodging
 * Level 8.3 Stealth
 * Level 5.9 Spellcasting
 + Level 5.1 Hexes


You had 14 spell levels left.
You knew the following spells:

 Your Spells              Type           Power        Failure   Level  Hunger
a - Corona                Hex            ###....      1%          1    None


Dungeon Overview and Level Annotations

Branches:
Dungeon (1/1)

Altars:


Innate Abilities, Weirdness & Mutations

You are tiny and cannot use many weapons and most armour.
You have supernaturally acute eyesight.
You are a herbivore.
You cover ground extremely quickly.
You need consume almost no food.


Message History

You have reached level 4!
You puncture the necrophage!
The necrophage is heavily damaged.
You puncture the necrophage!
The necrophage is almost destroyed.
The necrophage closely misses you.
You puncture the necrophage!
You destroy the necrophage!
Your Fighting skill increases to level 3!
Your Short Blades skill increases to level 5!
Your Dodging skill increases to level 7!
Your Stealth skill increases to level 8!
Your Spellcasting skill increases to level 5!
Your Hexes skill increases to level 5!
You have reached level 5!
You feel agile.
You hit the necrophage.
The necrophage is moderately damaged.
The necrophage hits you.
You die...

## ## ##.
.##
#..#..# #
#.n.# ##.
#n#
#.B.##@##
#+.<.+
#$B.##.##
##. #+# #


You could see 2 necrophages.

Vanquished Creatures
  2 necrophages (D)
2 creatures vanquished.

Notes
Turn   | Place    | Note
--------------------------------------------------------------
     0 | D        | Kidiri the Spriggan Enchanter began the quest for the Orb.
     0 | D        | Reached XP level 1. HP: 9/9 MP: 5/5
     1 | D        | Noticed a boulder beetle
     1 | D        | Noticed a boulder beetle
     5 | D        | Noticed a necrophage
     5 | D        | Noticed a necrophage
     5 | D        | Noticed a necrophage
     5 | D        | Noticed a necrophage
    23 | D        | Killed a necrophage
    23 | D        | Reached skill level 6 in Dodging
    23 | D        | Reached skill level 7 in Stealth
    23 | D        | Reached XP level 2. HP: 4/14 MP: 5/8
    23 | D        | Reached XP level 3. HP: 4/17 MP: 6/10
    23 | D        | Reached XP level 4. HP: 4/21 MP: 6/11
    26 | D        | Killed a necrophage
    26 | D        | Reached skill level 5 in Short Blades
    26 | D        | Reached skill level 8 in Stealth
    26 | D        | Reached skill level 5 in Spellcasting
    26 | D        | Reached skill level 5 in Hexes
    26 | D        | Reached XP level 5. HP: 4/26 MP: 7/14
    28 | D        | Slain by a necrophage

Vault maps used:
D:        the_violet_keep_of_menkaure

Action                   |  1- 3 |  4- 6 || total
-------------------------+-------+-------++-------
Melee: Dagger            |    13 |     4 ||    17
  Use: Potion            |     2 |       ||     2
